 Dungeon Crawl Stone Soup version 0.20.1-1-g8b1a95d (webtiles) character file.

72 spinkules the Chopper (level 4, -3/28 HPs)
             Began as a Gargoyle Berserker on July 3, 2017.
             Was a Believer of Trog.
             Slain by vishdafish's ghost (7 damage)
             ... on level 3 of the Dungeon.
             The game lasted 00:04:57 (2468 turns).

spinkules the Chopper (Gargoyle Berserker)          Turns: 2468, Time: 00:04:59

Health: -3/28      AC: 14    Str: 21    XL:     4   Next: 25%
Magic:  4/4        EV:  5    Int:  7    God:    Trog [**....]
Gold:   154        SH:  3    Dex: 10    Spells: 3/3 levels left

rFire    . . .     SeeInvis .   a - +0 hand axe
rCold    . . .     Gourm    .   d - +0 buckler
rNeg     + . .     Faith    .   s - +0 plate armour
rPois    ∞         Spirit   .   (no helmet)
rElec    +         Reflect  .   (no cloak)
rCorr    .         Harm     .   (no gloves)
MR       .....                  (no boots)
Stlth    ..........             (no amulet)
Regen    0.1/turn               (no ring)
MPRegen  0.1/turn               (no ring)

@: berserk cooldown, slowed, very slow
A: negative energy resistance 1, electricity resistance, unbreathing,
petrification resistance, rot immunity, AC +3
a: Berserk, Trog's Hand, Burn Spellbooks, Renounce Religion


You were on level 3 of the Dungeon.
You worshipped Trog.
Trog was pleased with you.
You were very hungry.

You visited 1 branch of the dungeon, and saw 3 of its levels.

You collected 154 gold pieces.

Inventory:

Hand Weapons
 a - a +0 hand axe (weapon)
Armour
 b - a +0 animal skin
 d - a +0 buckler (worn)
 r - a +0 ring mail
 s - a +0 plate armour (worn)
Scrolls
 f - 4 scrolls of identify {unknown}
 g - a scroll of amnesia {unknown}
 i - a scroll of teleportation {unknown}
 j - 3 scrolls of remove curse {unknown}
 m - a scroll of noise {unknown}
 o - a scroll of enchant weapon {unknown}
Potions
 e - 3 potions of resistance {unknown}
 h - 2 potions of curing {unknown}
 k - a potion of invisibility {unknown}
 l - 3 potions of heal wounds {unknown}
 n - 2 potions of brilliance {unknown}
 p - a potion of flight {unknown}
Comestibles
 c - 3 bread rations
 q - 2 royal jellies


   Skills:
 - Level 3.2 Fighting
 + Level 4.5 Axes
 - Level 2.1 Armour
 - Level 1.5 Dodging


You had 3 spell levels left.
You didn't know any spells.

Dungeon Overview and Level Annotations

Branches:
Dungeon (3/15)

Altars:
Nemelex Xobeh

Annotations:
D:3 vishdafish's ghost, amateur DsFi


Innate Abilities, Weirdness & Mutations

You are resistant to torment.
Your stone body is resilient. (AC +3)
You are immune to poison.
You resist negative energy. (rN+)
You are resistant to electric shocks. (rElec)
You can survive without breathing.
You are immune to petrification.
You are immune to rotting.


Message History

Vishdafish's ghost is almost destroyed.
You are feeling very hungry.
Vishdafish's ghost hits you but does no damage.
Your plate armour prevents you from hitting vishdafish's ghost.
Vishdafish's ghost is almost destroyed.
Vishdafish's ghost hits you but does no damage.
Vishdafish's ghost hits you.
You hit vishdafish's ghost but do no damage.
Vishdafish's ghost is almost destroyed.
Vishdafish's ghost hits you but does no damage.
You hit vishdafish's ghost but do no damage.
Vishdafish's ghost is almost destroyed.
Vishdafish's ghost hits you.
* * * LOW HITPOINT WARNING * * *
Vishdafish's ghost hits you.
* * * LOW HITPOINT WARNING * * *
You closely miss vishdafish's ghost.
Vishdafish's ghost is almost destroyed.
Vishdafish's ghost hits you!
You die...

........##
##.........##
............# #..
......#.## #..
......... ##.#
#.#...#
####..####$...#
#....@))......#
>.....W.)...#...#
?..........###..#
...........###..#
..########...#..#
. #####....## ##
..........## ...
####.......##....
#.......<.....


You could see vishdafish's ghost.

Vanquished Creatures
  An adder (D:2)
  3 worms (D:2)
  A leopard gecko (D:1)
  5 orcs (D:3)
  A giant cockroach (D:2)
  3 goblins
  7 hobgoblins
  4 jackals (D:2)
  2 quokkas
  5 bats
  3 frilled lizards (D:1)
  6 kobolds
  5 rats
46 creatures vanquished.

Notes
Turn   | Place    | Note
-------+----------+-------------------------------------------
     0 | D:1      | spinkules the Gargoyle Berserker began the quest for the Orb.
     0 | D:1      | Reached XP level 1. HP: 14/14 MP: 1/1
   326 | D:1      | Reached skill level 3 in Axes
   334 | D:1      | Reached XP level 2. HP: 16/19 MP: 2/2
  1166 | D:2      | Reached XP level 3. HP: 22/23 MP: 3/3
  1623 | D:2      | Reached ** piety under Trog
  1720 | D:2      | Reached skill level 4 in Axes
  1767 | D:2      | Found a sparkling altar of Nemelex Xobeh.
  2263 | D:2      | Reached XP level 4. HP: 28/28 MP: 4/4
  2445 | D:3      | Noticed vishdafish's ghost (amateur DsFi)
  2468 | D:3      | Slain by vishdafish's ghost

Skill      XL: |  1  2  3 |
---------------+----------+-----
Axes           | 3 4 |  4.5
Fighting       | |  3.2
Armour         | |  2.1
Dodging        | |  1.5

Action                   |  1- 3 |  4- 6 || total
-------------------------+-------+-------++-------
Melee: Hand axe          |   147 |    33 ||   180
Invok: Berserk           |     1 |     1 ||     2
 Stab: Sleeping          |     2 |       ||     2
  Eat: Chunk             |     5 |     1 ||     6
Armor: Animal skin       |    29 |       ||    29
       Plate armour      |    37 |    21 ||    58
Dodge: Dodged            |    71 |     8 ||    79
Block: Buckler           |    14 |     3 ||    17
